 Dungeon Crawl Stone Soup version 0.31.0-9-g3a7656b989 (webtiles) character file.

Game seed: 7622300422725032401

32 qw the Shooter (level 3, 0/18 HPs)
             Began as a Spriggan Hunter on Feb 2, 2024.
             Succumbed to an adder's poison
             ... on level 2 of the Dungeon.
             The game lasted 00:00:02 (1002 turns).

qw the Shooter (Spriggan Hunter)                    Turns: 1002, Time: 00:00:03

Health: 0/18       AC:  2    Str:  7    XL:     3   Next: 10%
Magic:  4/4        EV: 19    Int: 10    God:
Gold:   75         SH:  0    Dex: 20    Spells: 2/2 levels left

rFire   . . .        a - +0 shortbow
rCold   . . .        (shield currently unavailable)
rNeg    . . .        c - +0 robe
rPois   .            (helmet restricted)
rElec   .            (no cloak)
rCorr   .            (gloves unavailable)
SInv    +            (boots unavailable)
Will    .....        (no amulet)
Stlth   ++           (no ring)
HPRegen 0.23/turn    (no ring)
MPRegen 0.09/turn

%: no passive effects
@: lethally poisoned (0 -> -1), very quick
A: very small, no large weapons, unfitting armour, see invisible, speed 3
a: no special abilities


You were on level 2 of the Dungeon.
You visited 1 branch of the dungeon, and saw 2 of its levels.

You collected 131 gold pieces.
You spent 56 gold pieces at shops.


Innate Abilities, Weirdness & Mutations

You are very small and have problems with some larger weapons.
You are too small for most types of armour.
You have supernaturally acute eyesight. (SInv)
You cover ground extremely quickly. (Speed+++)


   Skills:
 - Level 1.5 Fighting
 + Level 4.5 Ranged Weapons
 - Level 4.0 Dodging
 - Level 1.5 Stealth


You had 2 spell levels left.
You didn't know any spells.
Your spell library was empty.

Inventory:

Hand Weapons
 a - a +0 shortbow (weapon)
Armour
 c - a +0 robe (worn)
Potions
 e - a potion of curing
 j - a potion of mutation

Dungeon Overview and Level Annotations

Branches:
Dungeon (2/15)

Altars:

Shops:
D:1 ?


Message History

You shoot an arrow. The arrow hits the hobgoblin.
The hobgoblin shouts!
The hobgoblin is moderately wounded.
You shoot an arrow. The arrow hits the hobgoblin.
The hobgoblin is almost dead.
You shoot an arrow. The arrow hits the hobgoblin!
You kill the hobgoblin!
There is an open door here.
An adder comes into view.
Found a dagger.
The adder hisses angrily.
A kobold comes into view. It is wielding a +0 short sword.
You shoot an arrow. The arrow closely misses the adder.
The kobold shouts!
You shoot an arrow. The arrow hits the kobold.
You kill the kobold!
You shoot an arrow. The arrow closely misses the adder.
You shoot an arrow. The arrow misses the adder.
The adder bites you. x2
You are poisoned.
The adder poisons you!
You shoot an arrow. The arrow hits the adder.
The adder is moderately wounded.
You feel sick. The adder misses you. The adder bites you.
You are more poisoned.
The adder poisons you!
You shoot an arrow. The arrow misses the adder.
You feel sick. The adder barely misses you.
You shoot an arrow. The arrow hits the adder.
The adder is heavily wounded.
You feel sick. The adder completely misses you. The adder bites you.
You shoot an arrow. The arrow hits the adder.
The adder is heavily wounded.
You feel sick. The adder bites you.
You shoot an arrow. The arrow misses the adder.
You feel sick. The adder closely misses you. x2
You shoot an arrow. The arrow closely misses the adder.
You feel sick. The adder barely misses you.
You shoot an arrow. The arrow misses the adder.
You die...

# .. ... .). ######
..#
########....######.).#
............'...@S...+
########.%..######...#
#....# ..# ##....# .#
#.....# # #.....#
#.....# #...### #...#


You could see an adder.

Vanquished Creatures
  A dart slug (D:2)
  5 ball pythons (D:1)
  4 endoplasms
  4 goblins (D:1)
  3 hobgoblins
  2 kobolds
  4 bats
  4 frilled lizards
  2 rats (D:1)
29 creatures vanquished.

Notes
Turn   | Place    | Note
-------+----------+-------------------------------------------
     0 | D:1      | qw the Spriggan Hunter began the quest for the Orb.
     0 | D:1      | Reached XP level 1. HP: 10/10 MP: 2/2
     0 | D:1      | 0 ||| qw: Version: 0.3-a-155-g5e7d8dd
     0 | D:1      | 0 ||| qw: Game counter: 2616
     0 | D:1      | 0 ||| qw: Melee chars always use a shield: true
     0 | D:1      | 0 ||| qw: God list: Okawaru
     0 | D:1      | 0 ||| qw: Allow faded altars: false
     0 | D:1      | 0 ||| qw: Do Orc after clearing Dungeon:15 true
     0 | D:1      | 0 ||| qw: Do second Lair branch before Depths: true
     0 | D:1      | 0 ||| qw: Lair rune preference: random
     0 | D:1      | 0 ||| qw: Goals: Normal
     0 | D:1      | 0 ||| PLANNING D:1-11
    83 | D:1      | Reached skill level 3 in Dodging
   286 | D:1      | Reached XP level 2. HP: 14/14 MP: 3/3
   446 | D:1      | Found Nok Cafee's Magic Scroll Emporium.
   458 | D:1      | 458 ||| SHOPLISTING scroll of enchant weapon (105 gold,
                  | have 60).
   458 | D:1      | 458 ||| BUYING scroll of identify (28 gold).
   458 | D:1      | Bought a scroll of identify for 28 gold pieces
   458 | D:1      | 458 ||| BUYING scroll of identify (28 gold).
   458 | D:1      | Bought a scroll of identify for 28 gold pieces
   458 | D:1      | 458 ||| SHOPLISTING scroll of identify (28 gold, have 4).
   458 | D:1      | 458 ||| SHOPLISTING scroll of teleportation (42 gold, have
                  | 4).
   754 | D:1      | 754 ||| READING 3 scrolls of identify.
   754 | D:1      | 754 ||| IDENTIFYING sapphire potion
   755 | D:1      | 755 ||| READING 2 scrolls of identify.
   755 | D:1      | 755 ||| IDENTIFYING viscous golden potion
   756 | D:1      | 756 ||| READING scroll of identify.
   756 | D:1      | 756 ||| IDENTIFYING 2 smoky black potions
   757 | D:1      | 757 ||| READING scroll labelled ATHOALIAWIL.
   758 | D:1      | 758 ||| READING scroll labelled JODWIPHAEM.
   859 | D:1      | 859 ||| READING 2 scrolls labelled LATSONTUMIJ.
   860 | D:1      | 860 ||| READING scroll labelled PIAMUSHYNWI.
   861 | D:1      | 861 ||| DROPPING scroll of butterflies.
   862 | D:1      | 862 ||| DROPPING 2 potions of brilliance.
   863 | D:1      | 863 ||| DROPPING scroll of revelation.
   901 | D:2      | 901 ||| STAIRDANCE
   963 | D:2      | Reached XP level 3. HP: 18/18 MP: 4/4
   999 | D:2      | HP: 3/18 [adder (4)]
  1001 | D:2      | HP: 1/18 [poisoned by an adder]
  1002 | D:2      | Succumbed to an adder's poison

Levels and vault maps discovered:
D:1:      scummos_arrival_simple_fountains, layout_loops_corners, serial_shops,
          shop_coins
D:2:      layout_basic, serial_shops, shop, uniq_crazy_yiuf_cottage

Skill      XL: |  1  2 |
---------------+-------+-----
Dodging        | 3 4 |  4.0
Fighting       | |  1.5
Ranged Weapons | |  4.5
Stealth        | |  1.5

Action                     || total
---------------------------++-------
   Fire: Shortbow          ||    72
    Use: Scroll            ||     7
 Armour: Robe              ||    10
  Dodge: Dodged            ||    30

Table legend:
 A = Non-vault XP
 B = Vault XP
 C = Vault XP percentage of total XP
 D = Non-vault monster count
 E = Vault monster count
 F = Vault count percentage of total count
                 A         B        C        D         E       F
            +---------+---------+-------+---------+---------+-------
      Total |      47 |       0 |   0.0 |      29 |       0 |   0.0
            +---------+---------+-------+---------+---------+-------
        D:1 |      32 |       0 |   0.0 |      21 |       0 |   0.0
        D:2 |      15 |       0 |   0.0 |       8 |       0 |   0.0
            +---------+---------+-------+---------+---------+-------
